Map: Frost LE

Players

Fropez - Winner!

  • Race: Protoss Protoss
  • League: Gold
  • Spawn Location: 1:00

zach

  • Race: Protoss Protoss
  • League: Gold
  • Spawn Location: 11:00

VOD

Have the link to the VOD?

Description

Time

  • Played on: Nov. 16, 2016, 6:47 p.m.
  • Length: 24:49
Show
View Real Time Build Order
Export as new Build Order

Fropez Protoss - Winner!

Build Orders: 1 Gate Expand 

Get SALT Encoding   

  12  0:01  Probe (Chrono Boost)  
  13  0:11  Probe (Chrono Boost)  
  14  0:18  Pylon  
  14  0:22  Probe (Chrono Boost)  
  15  0:36  Probe (Chrono Boost), Assimilator  
  16  0:46  Gateway  
  16  0:47  Probe (Chrono Boost)  
  17  1:01  Gateway  
  17  1:30  Nexus  
  17  1:35  Probe (Chrono Boost)  
  18  1:45  Probe (Chrono Boost)  
  19  1:51  Cybernetics Core  
  19  1:56  Probe (Chrono Boost)  
  21  2:08  Probe (Chrono Boost)  
  21  2:16  Pylon  
  21  2:20  Assimilator  
  21  2:21  Pylon  
  22  2:27  Mothership Core (Chrono Boost)  
  22  2:29  Warp Gate (Chrono Boost)  
  23  2:44  Probe (Chrono Boost)  
  24  2:52  Probe  
  24  2:53  Pylon  
  24  2:55  Probe  
  26  3:01  Stalker  
  28  3:06  Stalker  
  28  3:09  Probe  
  28  3:10  Probe  
  32  3:21  Probe  
  32  3:22  Probe  
  34  3:28  Gateway  
  34  3:31  Probe  
  35  3:38  Probe  
  36  3:42  Probe  
  36  3:43  Assimilator  
  36  3:48  Forge  
  37  4:00  Twilight Council  
  37  4:02  Probe x2  
  39  4:19  Pylon  
  39  4:22  Probe  
  40  4:28  Gateway x2  
  40  4:29  Adept x2  
  44  4:36  Probe  
  44  4:37  Probe  
  46  4:44  Protoss Ground Weapons Level 1 (Chrono Boost)  
  46  4:45  Assimilator  
  45  4:47  Probe  
  45  4:49  Probe, Blink  
  47  4:58  Probe  
  47  5:02  Forge  
  47  5:05  Forge  
  48  5:10  Probe  
  48  5:11  Probe  
  50  5:20  Nexus  
  50  5:28  Pylon  
  50  5:29  Probe  
  50  5:30  Probe  
  52  5:42  Stalker  
  54  5:52  Probe  
  54  5:53  Probe  
  54  5:54  Protoss Shields Level 1 (Chrono Boost), Protoss Ground Armor Level 1 (Chrono Boost)  
  54  5:55  Robotics Facility  
  56  5:59  Adept  
  56  6:02  Probe  
  59  6:05  Probe  
  60  6:21  Probe  
  60  6:22  Probe  
  62  6:31  Probe, Stalker x5  
  62  6:32  Probe  
  74  6:43  Probe  
  74  6:46  Probe  
  75  6:50  Assimilator  
  76  6:54  Assimilator  
  76  6:56  Pylon  
  76  6:58  Stalker x3  
  76  7:00  Stalker  
  84  7:24  Probe x2  
  84  7:26  Probe  
  87  7:37  Probe x2  
  87  7:38  Probe  
  87  7:42  Stalker  
  92  7:48  Nexus, Protoss Ground Weapons Level 2 (Chrono Boost)  
  92  7:50  Protoss Ground Armor Level 2 (Chrono Boost), Probe, Assimilator  
  93  7:54  Assimilator  
  93  7:55  Pylon, Probe, Protoss Shields Level 2 (Chrono Boost)  
  93  7:56  Probe  
  95  7:59  Observer (Chrono Boost), Pylon  
  95  8:02  Pylon  
  96  8:18  Gateway  
  96  8:20  Gateway  
  96  8:27  Pylon  
  96  8:30  Gateway  
  96  8:32  Gateway  
  96  8:33  Photon Cannon  
  96  8:35  Photon Cannon  
  96  8:36  Photon Cannon  
  96  8:47  Probe  
  96  8:48  Photon Cannon  
  97  8:51  Pylon  
  96  8:55  Pylon  
  96  8:56  Stalker x3  
  96  8:58  Pylon  
  96  9:01  Stalker  
  104  9:06  Observer (Chrono Boost)  
  104  9:08  Probe x2  
  106  9:10  Probe  
  108  9:30  Nexus  
  108  9:35  Probe x2  
  108  9:37  Pylon, Probe  
  111  9:45  Assimilator  
  111  9:47  Assimilator  
  111  9:50  Pylon  
  111  9:54  Probe x2  
  111  9:55  Probe  
  111  9:56  Pylon, Probe  
  111  9:58  Templar Archives  
  115  10:00  Pylon, Dark Shrine  
  114  10:07  Pylon  
  114  10:10  Pylon  
  114  10:14  Nexus  
  114  10:19  Assimilator  
  114  10:21  Assimilator  
  114  10:26  Pylon  
  114  10:35  Pylon  
  114  10:39  Pylon  
  114  10:40  Nexus  
  114  10:48  Probe x2  
  114  10:49  Probe  
  116  10:50  Probe  
  118  11:12  Pylon  
  118  11:13  Pylon  
  118  11:19  Photon Cannon  
  118  11:27  Probe x3  
  118  11:28  Probe x2  
  123  11:40  Photon Cannon  
  123  11:43  Photon Cannon, Gateway  
  123  11:46  Gateway  
  123  11:49  Gateway  
  123  11:52  Gateway  
  123  11:57  Gateway  
  123  11:58  Gateway  
  123  12:01  Protoss Ground Weapons Level 3 (Chrono Boost), Gateway, Photon Cannon  
  123  12:03  Gateway  
  123  12:05  Assimilator, Protoss Ground Armor Level 3 (Chrono Boost)  
  123  12:08  Pylon  
  123  12:11  Photon Cannon, Protoss Shields Level 3 (Chrono Boost)  
  123  12:12  Gateway  
  123  12:13  Gateway  
  123  12:14  Photon Cannon  
  123  12:20  Photon Cannon  
  123  12:22  Gateway  
  123  12:25  Photon Cannon  
  123  12:28  Assimilator  
  123  12:37  Pylon  
  123  12:40  Pylon  
  123  12:45  High Templar  
  123  12:46  High Templar x6  
  123  12:47  High Templar x2, Gateway  
  123  12:49  Cybernetics Core  
  139  12:52  Gateway  
  139  13:02  Photon Cannon  
  139  13:09  Photon Cannon  
  139  13:11  High Templar x4  
  139  13:12  High Templar x4, Photon Cannon  
  155  13:15  Archon x2, Photon Cannon  
  155  13:16  Archon x2  
  155  13:22  Photon Cannon  
  155  13:23  Psionic Storm  
  155  13:24  Gateway  
  156  13:27  Observer (Chrono Boost), Gateway  
  156  13:39  High Templar x6  
  156  13:40  High Templar x3  
  174  13:44  Archon x3  
  174  13:45  Archon  
  174  13:46  Archon x4  
  174  13:48  Observer  
  175  13:49  Archon  
  175  13:57  Stalker x4  
  175  13:58  Stalker x4  
  191  14:31  Nexus  
  191  14:34  Assimilator  
  191  14:35  Assimilator  
  191  14:40  Pylon  
  191  14:42  Pylon, Zealot x4  
  199  14:48  Pylon  
  199  14:56  Pylon  
  193  15:50  Stalker x3  
  197  16:21  Robotics Facility  
  193  16:52  Nexus  
  193  16:56  Assimilator  
  193  16:58  Assimilator  
  193  17:01  Pylon  
  193  17:04  Pylon  
  190  17:10  Pylon  
  190  17:12  Pylon  
  175  17:20  Nexus  
  173  17:23  Assimilator  
  173  17:27  Assimilator  
  153  17:32  Pylon  
  153  17:34  Twilight Council  
  153  17:35  Pylon  
  133  17:37  Pylon  
  133  17:40  Pylon  
  133  17:42  Pylon  
  119  17:45  Pylon  
  119  17:46  Zealot x6  
  119  17:47  Zealot x6  
  119  17:48  Pylon, Zealot x4  
  119  17:49  Zealot x2  
  155  17:52  Pylon  
  129  18:14  Zealot  
  129  18:15  Zealot x7  
  129  18:16  Zealot x5  
  129  18:17  Zealot x4  
  129  18:18  Zealot  
  161  18:23  Probe x2  
  161  18:24  Probe x3  
  166  18:35  Templar Archives  
  166  18:36  Pylon  
  108  19:13  High Templar x3  
  108  19:14  High Templar x6  
  108  19:15  High Templar x3  
  123  19:17  Archon  
  123  19:18  Archon x4  
  123  19:19  Archon  
  121  19:27  Gateway  
  121  19:28  Gateway  
  119  19:31  Gateway  
  119  19:33  Gateway  
  119  19:35  Gateway  
  119  19:36  Gateway  
  119  19:37  Gateway  
  117  19:40  Templar Archives  
  117  19:42  Twilight Council  
  111  19:47  High Templar x3  
  111  19:48  High Templar x5  
  111  19:51  Archon x2  
  111  19:52  Archon x2  
  120  19:53  Observer (Chrono Boost), Nexus  
  120  19:58  Assimilator  
  119  20:01  Assimilator  
  119  20:05  Pylon  
  109  20:09  Pylon  
  109  20:12  Observer (Chrono Boost)  
  102  20:26  High Templar x2  
  102  20:27  High Templar x6  
  118  20:30  Archon  
  118  20:31  Observer (Chrono Boost), Archon x3  
  119  20:40  High Templar  
  119  20:41  High Templar x5  
  131  20:45  Archon x3  
  132  20:50  Observer (Chrono Boost)  
  67  21:33  Zealot x3  
  67  21:34  Zealot x6  
  67  21:35  Zealot x3  
  87  21:42  Probe x3  
  87  21:43  Probe  
  87  21:51  Zealot  
  87  21:52  Probe x2  
  87  21:53  Probe  
  90  21:56  Probe  
  93  22:03  Probe x3  
  93  22:08  Probe  
  95  22:24  High Templar x5  
  95  22:25  High Templar x6  
  95  22:26  High Templar x4  
  95  22:28  Archon x3  
  95  22:29  Archon x3  
  117  22:30  Archon  
  117  22:31  Probe x3  
  117  22:32  Probe  
  117  22:33  Probe  
  116  22:41  Probe  
  116  22:42  Probe  
  118  22:44  Forge  
  118  22:45  Probe x2, Robotics Facility  
  118  22:47  Probe  
  121  22:52  Probe  
  121  22:53  Observer (Chrono Boost)  
  123  23:00  Zealot x2  
  123  23:01  Zealot x2  
  131  23:12  Observer (Chrono Boost)  
  132  23:14  Stalker x7  
  132  23:15  Stalker x4  
  150  23:23  High Templar x4  
  150  23:24  Probe x4  
  150  23:26  Probe  
  151  23:30  Observer (Chrono Boost)  
  150  23:49  Observer (Chrono Boost)  
  151  24:10  Stalker x4  
  151  24:11  Stalker x3  
Show
View Real Time Build Order
Export as new Build Order

zach Protoss 

Build Orders: Nexus First 

Get SALT Encoding   

  12  0:04  Probe (Chrono Boost)  
  13  0:43  Probe (Chrono Boost)  
  13  0:47  Nexus  
  14  0:54  Pylon  
  14  0:58  Probe (Chrono Boost)  
  15  1:05  Pylon  
  15  1:12  Probe (Chrono Boost)  
  15  1:16  Assimilator  
  16  1:43  Forge  
  16  1:56  Probe (Chrono Boost)  
  17  2:06  Probe (Chrono Boost)  
  17  2:14  Probe (Chrono Boost)  
  18  2:17  Probe (Chrono Boost), Photon Cannon  
  19  2:24  Probe (Chrono Boost), Photon Cannon  
  20  2:34  Photon Cannon  
  20  2:35  Probe (Chrono Boost)  
  21  2:45  Probe (Chrono Boost), Gateway  
  21  2:49  Probe (Chrono Boost)  
  23  2:56  Probe (Chrono Boost)  
  24  3:00  Probe (Chrono Boost)  
  24  3:03  Photon Cannon  
  25  3:09  Probe (Chrono Boost)  
  25  3:10  Probe (Chrono Boost)  
  28  3:20  Probe (Chrono Boost)  
  28  3:26  Photon Cannon  
  28  3:30  Probe (Chrono Boost)  
  29  3:35  Probe (Chrono Boost)  
  29  3:37  Pylon  
  29  3:41  Probe (Chrono Boost)  
  31  3:43  Assimilator  
  31  3:46  Probe (Chrono Boost)  
  32  3:51  Pylon, Probe (Chrono Boost)  
  33  3:56  Probe (Chrono Boost)  
  33  4:02  Probe (Chrono Boost)  
  35  4:12  Probe (Chrono Boost)  
  35  4:14  Cybernetics Core  
  36  4:20  Pylon  
  36  4:23  Probe (Chrono Boost)  
  37  4:24  Nexus  
  37  4:33  Probe (Chrono Boost), Assimilator  
  37  4:36  Assimilator  
  38  4:41  Pylon  
  38  4:44  Probe (Chrono Boost)  
  38  4:45  Photon Cannon  
  39  4:51  Photon Cannon  
  39  4:54  Probe (Chrono Boost)  
  39  4:57  Photon Cannon  
  39  4:58  Probe (Chrono Boost)  
  41  5:05  Probe (Chrono Boost)  
  42  5:08  Probe (Chrono Boost)  
  42  5:10  Photon Cannon  
  43  5:16  Mothership Core (Chrono Boost)  
  43  5:17  Stargate, Protoss Air Weapons Level 1  
  43  5:19  Probe (Chrono Boost)  
  46  5:25  Pylon  
  46  5:28  Photon Cannon  
  46  5:32  Photon Cannon  
  46  5:39  Photon Cannon  
  46  5:46  Probe (Chrono Boost)  
  47  5:54  Probe (Chrono Boost)  
  47  5:56  Probe (Chrono Boost)  
  49  6:00  Stargate  
  49  6:03  Stargate  
  49  6:05  Probe (Chrono Boost)  
  49  6:07  Probe (Chrono Boost)  
  49  6:08  Stargate  
  51  6:15  Probe (Chrono Boost)  
  51  6:17  Probe (Chrono Boost)  
  53  6:20  Pylon  
  53  6:23  Pylon  
  53  6:28  Pylon, Probe (Chrono Boost)  
  54  6:34  Photon Cannon  
  54  6:37  Photon Cannon  
  54  6:38  Probe (Chrono Boost)  
  55  6:41  Pylon  
  55  6:44  Void Ray  
  59  6:47  Void Ray  
  59  6:49  Probe (Chrono Boost)  
  59  6:54  Void Ray  
  64  6:59  Probe (Chrono Boost)  
  69  7:01  Void Ray  
  69  7:06  Assimilator  
  73  7:09  Assimilator  
  73  7:10  Probe (Chrono Boost)  
  73  7:15  Pylon, Protoss Air Armor Level 1  
  74  7:20  Probe (Chrono Boost)  
  75  7:25  Photon Cannon  
  75  7:27  Photon Cannon  
  75  7:31  Void Ray, Probe (Chrono Boost)  
  80  7:42  Probe (Chrono Boost)  
  81  7:44  Void Ray  
  81  7:46  Void Ray  
  89  7:52  Probe (Chrono Boost)  
  89  7:53  Cybernetics Core  
  90  8:03  Probe (Chrono Boost)  
  91  8:07  Pylon  
  91  8:13  Pylon, Probe (Chrono Boost)  
  92  8:24  Probe (Chrono Boost)  
  93  8:30  Fleet Beacon  
  93  8:34  Probe (Chrono Boost)  
  93  8:36  Robotics Facility  
  93  8:39  Pylon  
  93  8:40  Void Ray  
  98  8:41  Void Ray  
  98  8:42  Void Ray  
  98  8:45  Probe (Chrono Boost)  
  107  8:49  Void Ray  
  112  8:55  Probe (Chrono Boost)  
  112  9:06  Probe (Chrono Boost)  
  113  9:10  Pylon  
  113  9:13  Photon Cannon  
  113  9:16  Probe (Chrono Boost)  
  114  9:17  Photon Cannon  
  114  9:23  Photon Cannon  
  114  9:28  Void Ray x2  
  114  9:29  Void Ray  
  126  9:32  Protoss Air Weapons Level 2 (Chrono Boost)  
  126  9:49  Void Ray  
  130  10:03  Protoss Air Armor Level 2 (Chrono Boost)  
  130  10:17  Void Ray  
  130  10:18  Void Ray x2  
  142  10:24  Nexus  
  142  10:33  Stargate  
  142  10:37  Stargate  
  142  11:11  Photon Cannon  
  142  11:16  Void Ray  
  142  11:17  Void Ray  
  142  11:18  Void Ray  
  154  11:19  Void Ray  
  154  11:23  Void Ray  
  162  11:36  Assimilator  
  162  11:37  Assimilator  
  162  11:51  Protoss Air Weapons Level 3 (Chrono Boost)  
  162  11:56  Pylon  
  162  11:58  Pylon  
  162  12:01  Pylon  
  162  12:02  Protoss Shields Level 1  
  162  12:04  Void Ray  
  162  12:05  Void Ray  
  170  12:17  Gateway  
  170  12:19  Gateway  
  170  12:22  Gateway  
  170  12:25  Gateway  
  170  12:27  Pylon  
  170  12:57  Gateway  
  170  13:00  Twilight Council  
  170  13:05  Protoss Air Armor Level 3 (Chrono Boost)  
  170  13:20  Gateway  
  170  13:26  Photon Cannon  
  170  13:31  Void Ray x2  
  170  13:32  Void Ray x2  
  192  13:52  Pylon  
  192  13:56  Pylon  
  192  14:00  Protoss Shields Level 2  
  192  14:07  Warp Gate (Chrono Boost)  
  192  14:17  Forge  
  192  14:19  Forge  
  192  14:23  Gateway  
  192  14:25  Gateway  
  192  14:27  Gateway  
  192  14:31  Gateway x2  
  192  14:38  Dark Shrine  
  192  14:43  Observer  
  193  14:53  Zealot x3  
  199  15:04  Observer  
  133  17:56  Pylon  
  133  18:06  Pylon  
  133  18:26  Photon Cannon  
  133  18:27  Photon Cannon  
  133  18:29  Photon Cannon  
  133  18:31  Photon Cannon  
  133  18:33  Photon Cannon  
  100  20:26  Pylon  
  100  20:28  Pylon  
  100  20:31  Pylon  
  100  20:35  Pylon  
  100  20:41  Pylon  
  100  20:45  Pylon x2  
  100  20:46  Pylon  
  36  21:36  Void Ray  
  36  21:37  Void Ray x4  
  30  22:19  Void Ray x2  
  30  22:20  Void Ray x2  
  46  22:35  Void Ray  
  50  23:02  Void Ray  
  50  23:39  Nexus  
Tags
 
League
GoldGold
Matchup
PvP
Replay Pack
All Mines
Spawn Locations
Close Positions
Add a new tag
Caveats
  • Supply blocks, unpowered buildings, or Contaminate may cause inaccurate times.
  • Supply counts are checked every 10 seconds.